 Dungeon Crawl Stone Soup version 0.24-a0-536-gdd4cf15266 (webtiles) character file.

Game seed: 1220665579138418260

3371 zorck the Shield-Bearer (level 10, -17/69 HPs)
             Began as a Formicid Fighter on Aug 10, 2019.
             Was a Believer of Hepliaklqana.
             Demolished by an orc warrior
             ... wielding a +0 trident
              (24 damage)
             ... in a bailey on Aug 11, 2019.
             The game lasted 01:08:58 (8202 turns).

zorck the Shield-Bearer (Formicid Fighter)          Turns: 8202, Time: 01:08:58

Health: -17/69     AC:  9    Str: 24    XL:     10   Next: 23%
Magic:  13/13      EV: 11    Int:  8    God:    Hepliaklqana [**....]
Gold:   194        SH: 11    Dex: 10    Spells: 9/9 levels left

rFire    . . .     SeeInvis +   a - +0 trident
rCold    . . .     Gourm    .   c - +0 shield
rNeg     . . .     Faith    .   b - +0 scale mail
rPois    .         Spirit   .   (helmet unavailable)
rElec    .         Reflect  .   (no cloak)
rCorr    .         Harm     +   (no gloves)
MR       +....                  o - +0 pair of boots
Stlth    ++........             s - amulet of harm
HPRegen  0.21/turn              (no ring)
MPRegen  0.13/turn              (no ring)

@: no status effects
A: permanent stasis, dig shafts and tunnels, four strong arms, reduced essence,
antennae 3
a: Dig, Shaft Self, Recall Ancestor, Ancestor Identity, Renounce Religion


You were in a bailey.
You worshipped Hepliaklqana.
Hepliaklqana was pleased with you.
You were hungry.

You visited 1 branch of the dungeon, and saw 8 of its levels.
You also visited: Sewer and Bailey.

You collected 480 gold pieces.
You spent 286 gold pieces at shops.

Inventory:

Hand Weapons
 a - a +0 trident (weapon)
Armour
 b - a +0 scale mail (worn)
 c - a +0 shield (worn)
 m - a +0 plate armour
 o - a +0 pair of boots (worn)
Jewellery
 s - an amulet of harm (around neck)
 C - an uncursed ring of see invisible {unknown}
 E - a cursed ring of ice {unknown}
 H - an uncursed ring of protection from cold {unknown}
Wands
 w - a wand of acid (3)
 A - a wand of flame (51)
 B - a wand of iceblast (10)
Scrolls
 e - 4 scrolls of magic mapping {unknown}
 g - 2 scrolls of fog {unknown}
 j - 4 scrolls of enchant armour {unknown}
 k - 6 scrolls of identify
 l - 2 scrolls of amnesia {unknown}
 q - 3 scrolls of remove curse
 v - 3 scrolls of teleportation {unknown}
 x - 4 scrolls of fear {unknown}
 y - a scroll of silence {unknown}
 D - a scroll of noise {unknown}
Potions
 d - 5 potions of might
 h - 13 potions of curing {unknown}
 i - 3 potions of heal wounds
 n - a potion of brilliance {unknown}
 p - 3 potions of mutation {unknown}
 r - 2 potions of flight {unknown}
 t - 2 potions of lignification {unknown}
 u - a potion of haste {unknown}
 z - 2 potions of invisibility {unknown}
 F - a potion of resistance {unknown}
 G - a potion of ambrosia {unknown}
Comestibles
 f - 8 rations


   Skills:
 + Level 6.5 Fighting
 + Level 5.7 Polearms
 + Level 6.9 Armour
 + Level 4.8 Dodging
 + Level 6.7 Stealth
 + Level 7.3 Shields
 + Level 4.9 Invocations


You had 9 spell levels left.
You didn't know any spells.
Your spell library contained the following spells:

 Spells                   Type           Power        Failure   Level  Hunger
 Corona                   Hex            #......      80%         1    ##.....
 Ensorcelled Hibernation  Hex/Ice        #.....       91%         2    ###....
 Confuse                  Hex            #.......     99%         3    ####...
 Dazzling Spray           Conj/Hex       #.....       99%         3    ####...
 Tukima's Dance           Hex            #.......     99%         3    ####...


Dungeon Overview and Level Annotations

Branches:
Dungeon (8/15)             Temple (0/1) D:6
   Lair: D:8-11

Altars:
Gozag
Hepliaklqana
Kikubaaqudgha
Xom

Shops:
D:5 *


Innate Abilities, Weirdness & Mutations

You cannot be hasted, slowed, berserked, paralysed or teleported.
You can dig through walls and to a lower floor.
Your four strong arms can wield two-handed weapons with a shield.
You have a pair of large antennae on your head. (SInv)
Your life essence is reduced to manifest your ancestor. (-10% HP)


Message History

Cashile closely misses the orc knight.
Cashile blocks something's attack.
There is an open door, spattered with blood here.
Something blocks the orc knight's attack.
The orc warrior barely misses Cashile.
There is an open door, spattered with blood here.
The orc knight roars a battlecry!
The orc knight goes into a battle-frenzy!
Cashile hits the orc knight with a +0 flail.
Items here: $ )) [[ †† You block the orc warrior's attack.
The orc knight barely misses you.
Cashile hits the orc knight with a +0 flail.
The orc warrior no longer looks unusually strong.
The orc warrior hits you from afar with a +0 trident!
The orc warrior hits you from afar with a +0 glaive!!
* * * LOW HITPOINT WARNING * * *
The orc knight no longer looks unusually strong.
The orc knight hits you from afar with a cursed -1 glaive!
* * * LOW HITPOINT WARNING * * *
The orc warrior hits you from afar with a +0 trident!!
You die...

#.≈.#############'### ########
#.≈.##o...o##.........##..$$.##
#.≈..##o..#'..≈§≈≈≈≈≈.. ##.
#.≈≈..##.##..≈≈.....≈≈. ##..
##.≈≈..#'#..≈≈...⌠...≈≈ #..≈
#∩.≈≈..#'#..≈≈oo⌠∩⌠..≈≈ #..≈
#.≈≈..## ##..§Rooo..§≈. ##..
#.≈..## #.)≈≈≈≈≈≈≈.. ##. #.≈.##
##§@.......# ##
#.≈.#########'###'#############
#.≈..........##.....##.).......
#.≈≈≈≈≈≈≈≈≈≈..##.∩.##..≈≈≈≈≈≈≈≈
#..........≈≈..## ##.)≈≈.......
##########..≈≈..###..≈≈..######
##..≈≈.....≈≈..##
##..≈≈≈≈≈≈≈..## ##.........##


You could see the friendly Cashile the knight, 2 orc knights and 4 orc warriors.

Vanquished Creatures
  A troll (D:7)
  Eustachio (D:4)
  2 orc warriors
  A sky beast (D:7)
  An ice beast (D:8)
  9 ogres
  3 centaurs
  A bullfrog (D:6)
  2 scorpions
  2 crimson imps
  2 bullfrog zombies
  4 hounds
  2 orc priests (D:6)
  A bullfrog skeleton (D:5)
  2 centaur skeletons (D:7)
  3 orc wizards
  2 iguanas (D:8)
  2 worker ants
  2 gnolls (D:8)
  9 adders
  A shadow imp (D:7)
  2 oozes
  3 worms
  2 dart slugs
  A leopard gecko (D:2)
  16 orcs
  4 giant cockroaches
  4 goblins
  3 hobgoblins
  4 jackals
  19 kobolds
  3 quokkas
  8 ball pythons
  5 bats
  4 frilled lizards
  2 leopard gecko skeletons
  A leopard gecko zombie (D:5)
  7 rats
141 creatures vanquished.

Vanquished Creatures (collateral kills)
  An ice beast (D:7)
  A sky beast (D:7)
  An orc warrior (Bailey)
  A centaur (D:8)
  A gnoll sergeant (D:8)
  A scorpion (D:6)
  A crimson imp (D:5)
  2 hounds
  An orc priest (D:8)
  A jelly (D:6)
  A worker ant (D:5)
  An orc wizard (D:8)
  2 gnolls (D:8)
  A shadow imp (D:8)
  A dart slug (D:5)
  A leopard gecko (D:8)
  15 orcs
  2 jackals (D:6)
35 creatures vanquished.

Vanquished Creatures (others)
  An ancestor (D:7)
1 creature vanquished.

Grand Total: 177 creatures vanquished

Notes
Turn   | Place    | Note
-------+----------+-------------------------------------------
     0 | D:1      | zorck the Formicid Fighter began the quest for the Orb.
     0 | D:1      | Reached XP level 1. HP: 18/18 MP: 1/1
   228 | D:1      | Reached XP level 2. HP: 24/24 MP: 2/2
   556 | D:1      | You fall into a shaft and drop 1 floor!
   575 | D:2      | Reached skill level 1 in Stealth
   575 | D:2      | Reached XP level 3. HP: 18/29 MP: 3/3
   576 | D:2      | Upgraded the game from 0.24-a0-535-gbb0d440638 to
                  | 0.24-a0-536-gdd4cf15266
  1604 | D:2      | Reached skill level 4 in Shields
  1626 | D:2      | You fall into a shaft and drop 2 floors!
  1815 | D:4      | Noticed an ogre
  1871 | D:4      | Killed an ogre
  1871 | D:4      | Reached skill level 1 in Dodging
  1871 | D:4      | Reached XP level 4. HP: 27/37 MP: 4/4
  1871 | D:4      | Reached XP level 5. HP: 31/42 MP: 5/5
  1887 | D:4      | Noticed Eustachio
  2321 | D:3      | Found a glowing drain.
  2331 | Sewer    | Entered a sewer
  2424 | Sewer    | Reached XP level 6. HP: 41/48 MP: 6/6
  2947 | D:3      | Found an opulent altar of Gozag.
  4244 | D:4      | Killed Eustachio
  4244 | D:4      | Reached skill level 5 in Shields
  4244 | D:4      | Reached XP level 7. HP: 49/55 MP: 7/7
  4461 | D:5      | Entered Level 5 of the Dungeon
  4478 | D:5      | Found Oriuxyti's General Store.
  4512 | D:5      | Found a hazy altar of Hepliaklqana.
  4520 | D:5      | Became a worshipper of Hepliaklqana the Forgotten
  4543 | D:5      | Bought a scroll of identify for 26 gold pieces
  4543 | D:5      | Bought a wand of acid (6) for 260 gold pieces
  4632 | D:5      | Reached skill level 5 in Armour
  4634 | D:5      | Reached skill level 1 in Invocations
  4634 | D:5      | Reached XP level 8. HP: 20/54 MP: 8/8
  4957 | D:5      | Found a shimmering altar of Xom.
  4962 | D:5      | Found a shimmering altar of Xom.
  4963 | D:5      | Found a shimmering altar of Xom.
  5254 | D:5      | Reached skill level 5 in Fighting
  5623 | D:6      | Found a staircase to the Ecumenical Temple.
  5867 | D:6      | Reached skill level 6 in Shields
  5922 | D:6      | Reached * piety under Hepliaklqana
  5974 | D:6      | Reached skill level 5 in Stealth
  5974 | D:6      | Reached XP level 9. HP: 60/61 MP: 9/11
  6802 | D:7      | Found an ancient bone altar of Kikubaaqudgha.
  6854 | D:7      | Reached skill level 5 in Polearms
  6876 | D:7      | Noticed a troll
  6895 | D:7      | Killed a troll
  7265 | D:7      | Reached ** piety under Hepliaklqana
  7266 | D:7      | Remembered your ancestor Cashile as a knight
  7407 | D:8      | Reached skill level 7 in Shields
  7437 | D:8      | Reached XP level 10. HP: 40/68 MP: 13/13
  7583 | D:8      | HP: 2/69 [ice beast (16)]
  7717 | D:8      | Found a flagged portal.
  7726 | Bailey   | Entered a bailey
  8106 | Bailey   | Noticed an orc knight
  8106 | Bailey   | Noticed an orc knight
  8202 | Bailey   | Demolished by an orc warrior

Levels and vault maps discovered:
D:1:      psy_arrival_radial02, layout_basic
D:2:      layout_rooms, first_ration, fountainhead, minmay_ruptured
D:3:      layout_basic, cheibrodos_sewer_entry_bend, nicolae_gozag_seed_capital
D:4:      layout_loops_ring, uniq_eustachio
D:5:      layout_basic, marbit_many_paths, serial_shops, shop, xom_redecorated
D:6:      layout_gridville, minmay_temple_entry_trees
D:7:      layout_rooms, kiku_gazebo_garden_becter
D:8:      layout_cave_pools, enter_bailey_2
Bailey:   bailey_polearm_1, bailey

Skill      XL: |  1  2  3  4  5  6  7  8  9 |
---------------+----------------------------+-----
Stealth        | 1 2 3 5 6 |  6.7
Shields        | 4 5 6 7 |  7.3
Armour         | 4 5 6 |  6.9
Dodging        | 1 2 3 4 |  4.8
Polearms       | 3 4 5 |  5.7
Fighting       | 4 5 6 |  6.5
Invocations    | 1 2 4 |  4.9

Action                   |  1- 3 |  4- 6 |  7- 9 | 10-12 || total
-------------------------+-------+-------+-------+-------++-------
Melee: Trident           |    66 |   215 |   246 |    80 ||   607
Invok: Ancestor Identity |       |       |     1 |       ||     1
       Ancestor Life: Kn |       |       |     1 |       ||     1
 Abil: Dig               |     1 |     3 |       |     3 ||     7
Evoke: Wand              |       |       |     3 |       ||     3
  Use: Potion            |     2 |     3 |     2 |     2 ||     9
       Scroll            |       |     2 |       |       ||     2
 Stab: Distracted        |       |       |     2 |     1 ||     3
       Sleeping          |       |       |     1 |       ||     1
  Eat: Ration            |     1 |     2 |     2 |     1 ||     6
       Chunk             |       |     1 |     4 |       ||     5
Armor: Scale mail        |    23 |   104 |    87 |    21 ||   235
Dodge: Dodged            |    15 |    78 |   105 |    60 ||   258
Block: Shield            |    35 |   137 |   147 |    81 ||   400

Table legend:
 A = Non-vault XP
 B = Vault XP
 C = Vault XP percentage of total XP
 D = Non-vault monster count
 E = Vault monster count
 F = Vault count percentage of total count
                 A         B        C        D         E       F
            +---------+---------+-------+---------+---------+-------
      Total |    4273 |     544 |  11.3 |     131 |      45 |  25.6
            +---------+---------+-------+---------+---------+-------
        D:1 |      25 |       0 |   0.0 |      16 |       0 |   0.0
        D:2 |      20 |       6 |  23.1 |       5 |       2 |  28.6
        D:3 |      83 |      10 |  10.8 |      18 |       2 |  10.0
        D:4 |     439 |     191 |  30.3 |      15 |       1 |   6.2
        D:5 |     570 |       1 |   0.2 |      17 |       1 |   5.6
        D:6 |     858 |       0 |   0.0 |      18 |       0 |   0.0
        D:7 |    1348 |       0 |   0.0 |      23 |       0 |   0.0
        D:8 |     930 |       0 |   0.0 |      19 |       0 |   0.0
      Sewer |       0 |      41 | 100.0 |       0 |      24 | 100.0
     Bailey |       0 |     295 | 100.0 |       0 |      15 | 100.0
            +---------+---------+-------+---------+---------+-------
